SAA
LONG ISLAND SEAWOLVES @ ATHLETIC CLUB KC ACADEMY
05/26/2021
 
TOP OF THE 1ST
Long Island Seawolves batting - Pitching for Athletic Club KC Academy : RHP Severiano Duclos
Pitching: RHP Severiano Duclos
Batting: SHB Jim Unknown 0-0: Foul Ball, location: 2F
0-1: Ball
1-1: Foul Ball, location: 2F
1-2: Ball
2-2: DOUBLE (Flyball, 9LM)
Batting: RHB David Morales 0-0: Ball
1-0: Foul Ball, location: 2F
1-1: Ball
2-1: Ball
3-1: Called Strike
3-2: Ground out 3-1 (Groundball, 34)
Jim Unknown to third
Batting: RHB Jim Unknown 0-0: Called Strike
0-1: Fly out, F9 (Flyball, 89M)
Runner from 3rd tags up, SCORES, no throw
Batting: RHB Roy Clay 0-0: Ball
1-0: Foul Ball, location: 2F
1-1: Swinging Strike
1-2: Ball
2-2: Strikes out swinging
Top of the 1st over - 1 run(s), 1 hit(s), 0 error(s), 0 left on base; Long Island 1 - Athletic Club KC Academy 0
BOTTOM OF THE 1ST
Athletic Club KC Academy batting - Pitching for Long Island Seawolves : RHP Ron Madison
Pitching: RHP Ron Madison
Batting: SHB António Montés 0-0: Fly out, F7 (Flyball, 7M)
Batting: RHB John Williams 0-0: SINGLE (Line Drive, 8LS)
Batting: LHB José Durán 0-0: Ball
1-0: Called Strike
1-1: Fielders Choice at 2nd, 4-6 (Groundball, 4)
Batting: LHB Greg Robinson 0-0: Called Strike
0-1: Ball
1-1: Ball
2-1: Called Strike
2-2: Foul Ball, location: 2F
2-2: Strikes out swinging
Bottom of the 1st over - 0 run(s), 1 hit(s), 0 error(s), 1 left on base; Long Island 1 - Athletic Club KC Academy 0
TOP OF THE 2ND
Long Island Seawolves batting - Pitching for Athletic Club KC Academy : RHP Severiano Duclos
Batting: RHB Jim Unknown 0-0: Ball
1-0: Called Strike
1-1: Called Strike
1-2: Ball
2-2: Fly out, F9 (Flyball, 89M)
Batting: RHB António Pérez 0-0: Ball
1-0: Ball
2-0: Called Strike
2-1: Swinging Strike
2-2: Fly out, F4 (Popup, 4MD)
Batting: SHB Terry Conley 0-0: Swinging Strike
0-1: Foul Ball, location: 2F
0-2: Ball
1-2: Strikes out looking
Top of the 2nd over - 0 run(s), 0 hit(s), 0 error(s), 0 left on base; Long Island 1 - Athletic Club KC Academy 0
BOTTOM OF THE 2ND
Athletic Club KC Academy batting - Pitching for Long Island Seawolves : RHP Ron Madison
Batting: RHB Jorge Rodríguez 0-0: Ball
1-0: Ball
2-0: Called Strike
2-1: Ball
3-1: Foul Ball, location: 2F
3-2: Base on Balls
Batting: SHB Don Holmes 0-0: Called Strike
0-1: Ball
1-1: Swinging Strike
1-2: Strikes out swinging
Batting: RHB Mike Lovell 0-0: Fly out, F8 (Flyball, 8LM)
Batting: RHB Ellis Martin 0-0: Ball
Jorge Rodríguez steals 2nd base
1-0: Ball
2-0: Fly out, F3 (Popup, 3)
Bottom of the 2nd over - 0 run(s), 0 hit(s), 0 error(s), 1 left on base; Long Island 1 - Athletic Club KC Academy 0
TOP OF THE 3RD
Long Island Seawolves batting - Pitching for Athletic Club KC Academy : RHP Severiano Duclos
Batting: RHB Jim Unknown 0-0: Called Strike
0-1: Ball
1-1: Called Strike
1-2: Ball
2-2: Ground out 2-3 (Groundball, 2R)
Batting: LHB Jim Unknown 0-0: Ball
1-0: SINGLE (Groundball, 34)
Batting: SHB Jim Unknown 0-0: Ball
Jim Unknown is caught stealing 2nd base
1-0: Called Strike
1-1: Ball
2-1: Foul Ball, location: 2F
2-2: Strikes out swinging
Top of the 3rd over - 0 run(s), 1 hit(s), 0 error(s), 0 left on base; Long Island 1 - Athletic Club KC Academy 0
BOTTOM OF THE 3RD
Athletic Club KC Academy batting - Pitching for Long Island Seawolves : RHP Ron Madison
Batting: RHB Bob Curry 0-0: Called Strike
0-1: Ground out 5-3 (Groundball, 56S)
Batting: SHB António Montés 0-0: Foul Ball, location: 2F
0-1: Called Strike
0-2: Strikes out looking
Batting: RHB John Williams 0-0: Called Strike
0-1: Swinging Strike
0-2: Strikes out swinging
Bottom of the 3rd over - 0 run(s), 0 hit(s), 0 error(s), 0 left on base; Long Island 1 - Athletic Club KC Academy 0
TOP OF THE 4TH
Long Island Seawolves batting - Pitching for Athletic Club KC Academy : RHP Severiano Duclos
Batting: RHB David Morales 0-0: Ball
1-0: Foul Ball, location: 2F
1-1: Swinging Strike
1-2: Strikes out swinging
Batting: RHB Jim Unknown 0-0: Called Strike
0-1: Swinging Strike
0-2: Ball
1-2: Reached on error, E6 (Groundball, 6)
Batting: RHB Roy Clay 0-0: Swinging Strike
0-1: Foul Ball, location: 2F
0-2: Foul Ball, location: 2F
0-2: Ball
1-2: Strikes out swinging
Batting: RHB Jim Unknown 0-0: SINGLE (Line Drive, 3D)
Jim Unknown to third
Runner from 3rd tries for Home, throw and OUT!
Top of the 4th over - 0 run(s), 1 hit(s), 1 error(s), 1 left on base; Long Island 1 - Athletic Club KC Academy 0
BOTTOM OF THE 4TH
Athletic Club KC Academy batting - Pitching for Long Island Seawolves : RHP Ron Madison
Batting: LHB José Durán 0-0: Called Strike
0-1: Fly out, F5 (Line Drive, 5S)
Batting: LHB Greg Robinson 0-0: Foul Ball, location: 2F
0-1: Ball
1-1: Foul Ball, location: 2F
1-2: Strikes out swinging
Batting: RHB Jorge Rodríguez 0-0: Ball
1-0: Fly out, F7 (Flyball, 7S)
Bottom of the 4th over - 0 run(s), 0 hit(s), 0 error(s), 0 left on base; Long Island 1 - Athletic Club KC Academy 0
TOP OF THE 5TH
Long Island Seawolves batting - Pitching for Athletic Club KC Academy : RHP Severiano Duclos
Batting: RHB António Pérez 0-0: Fly out, F9 (Flyball, 89D)
Batting: SHB Terry Conley 0-0: Ball
1-0: Called Strike
1-1: Ground out U3 (Groundball, 3S)
Batting: RHB Jim Unknown 0-0: Called Strike
0-1: Ball
1-1: Foul Ball, location: 2F
1-2: Strikes out swinging
Top of the 5th over - 0 run(s), 0 hit(s), 0 error(s), 0 left on base; Long Island 1 - Athletic Club KC Academy 0
BOTTOM OF THE 5TH
Athletic Club KC Academy batting - Pitching for Long Island Seawolves : RHP Ron Madison
Batting: SHB Don Holmes 0-0: Ball
1-0: Swinging Strike
1-1: Swinging Strike
1-2: Ball
2-2: Ball
3-2: Foul Ball, location: 2F
3-2: Strikes out swinging
Batting: RHB Mike Lovell 0-0: Ball
1-0: Ball
2-0: Fly out, F8 (Flyball, 8LS)
Batting: RHB Ellis Martin 0-0: Called Strike
0-1: Ball
1-1: Swinging Strike
1-2: Ball
2-2: SINGLE (Line Drive, 56D)
Batting: RHB Bob Curry 0-0: Ball
1-0: SINGLE (Groundball, 56D)
Ellis Martin to second
Batting: SHB António Montés 0-0: Ball
1-0: Ball
2-0: Called Strike
2-1: Foul Ball, location: 2F
2-2: Ground out 4-3 (Groundball, 4)
Bottom of the 5th over - 0 run(s), 2 hit(s), 0 error(s), 2 left on base; Long Island 1 - Athletic Club KC Academy 0
TOP OF THE 6TH
Long Island Seawolves batting - Pitching for Athletic Club KC Academy : RHP Severiano Duclos
Batting: LHB Jim Unknown 0-0: SINGLE (Line Drive, 9S)
Batting: SHB Jim Unknown 0-0: Bunted foul
0-1: Ball
1-1: Sac Bunt - play at first, batter OUT! U3
Jim Unknown to second
Batting: RHB David Morales 0-0: Foul Ball, location: 2F
0-1: Ball
1-1: DOUBLE (Line Drive, 89XD)
Jim Unknown scores
Batting: RHB Jim Unknown 0-0: Ball
1-0: Ball
2-0: Ball
3-0: Base on Balls
Batting: RHB Roy Clay 0-0: Called Strike
David Morales steals 3rd base
Jim Unknown to second
0-1: Ground out 6-3 (Groundball, 6M)
Batting: RHB Jim Unknown 0-0: Fly out, F4 (Popup, 34)
Top of the 6th over - 1 run(s), 2 hit(s), 0 error(s), 2 left on base; Long Island 2 - Athletic Club KC Academy 0
BOTTOM OF THE 6TH
Athletic Club KC Academy batting - Pitching for Long Island Seawolves : RHP Ron Madison
Batting: RHB John Williams 0-0: Called Strike
0-1: Ball
1-1: Ball
2-1: Ball
3-1: Base on Balls
Batting: LHB José Durán 0-0: Ball
1-0: Called Strike
1-1: Ball
2-1: Fielders Choice at 2nd, 5-4 (Groundball, 56)
Batting: LHB Greg Robinson 0-0: Ball
1-0: Ball
2-0: Swinging Strike
2-1: Foul Ball, location: 2F
2-2: Foul Ball, location: 2F
2-2: Foul Ball, location: 2F
2-2: Ball
3-2: Ground out 4-3 (Groundball, 4M)
José Durán to second
Batting: RHB Jorge Rodríguez 0-0: Ball
1-0: Fly out, F9 (Flyball, 9LM)
Bottom of the 6th over - 0 run(s), 0 hit(s), 0 error(s), 1 left on base; Long Island 2 - Athletic Club KC Academy 0
TOP OF THE 7TH
Long Island Seawolves batting - Pitching for Athletic Club KC Academy : RHP Severiano Duclos
Batting: RHB António Pérez 0-0: Ground out 4-3 (Groundball, 4M)
Batting: SHB Terry Conley 0-0: Ball
1-0: Foul Ball, location: 2F
1-1: Ball
2-1: Foul Ball, location: 2F
2-2: Strikes out looking
Batting: RHB Jim Unknown 0-0: Ball
1-0: Ball
2-0: Ball
3-0: Swinging Strike
3-1: Base on Balls
Batting: LHB Jim Unknown 0-0: Called Strike
0-1: Foul Ball, location: 2F
0-2: Ball
1-2: Foul Ball, location: 2F
1-2: Ball
2-2: Foul Ball, location: 2F
2-2: Fly out, F7 (Flyball, 7LM)
Top of the 7th over - 0 run(s), 0 hit(s), 0 error(s), 1 left on base; Long Island 2 - Athletic Club KC Academy 0
BOTTOM OF THE 7TH
Athletic Club KC Academy batting - Pitching for Long Island Seawolves : RHP Ron Madison
Batting: SHB Don Holmes 0-0: Called Strike
0-1: Swinging Strike
0-2: Strikes out swinging
Batting: RHB Mike Lovell 0-0: Swinging Strike
0-1: Called Strike
0-2: Fly out, F7 (Flyball, 7M)
Batting: RHB Ellis Martin 0-0: Swinging Strike
0-1: Ground out 1-3 (Groundball, 15)
Bottom of the 7th over - 0 run(s), 0 hit(s), 0 error(s), 0 left on base; Long Island 2 - Athletic Club KC Academy 0
TOP OF THE 8TH
Long Island Seawolves batting - Pitching for Athletic Club KC Academy : RHP Severiano Duclos
Batting: SHB Jim Unknown 0-0: Called Strike
0-1: Foul Ball, location: 2F
0-2: Ball
1-2: Ball
2-2: Strikes out swinging
Batting: RHB David Morales 0-0: SINGLE (Line Drive, 34)
Batting: RHB Jim Unknown 0-0: Called Strike
0-1: Ball
1-1: Fly out, F8 (Flyball, 8RS)
Batting: RHB Roy Clay 0-0: Swinging Strike
0-1: Called Strike
0-2: Foul Ball, location: 2F
0-2: Ball
1-2: Strikes out swinging
Top of the 8th over - 0 run(s), 1 hit(s), 0 error(s), 1 left on base; Long Island 2 - Athletic Club KC Academy 0
BOTTOM OF THE 8TH
Athletic Club KC Academy batting - Pitching for Long Island Seawolves : RHP Ron Madison
Batting: RHB Bob Curry 0-0: Called Strike
0-1: Ball
1-1: Foul Ball, location: 2F
1-2: Ball
2-2: Ball
3-2: SINGLE (Flyball, 78S)
Batting: SHB António Montés 0-0: Called Strike
0-1: Ball
1-1: Ball
2-1: Fielders Choice at 2nd, 1-4 (Groundball, 25)
Batting: RHB John Williams 0-0: Ball
1-0: Grounds into double play, U4-3 (Groundball, 4)
Bottom of the 8th over - 0 run(s), 1 hit(s), 0 error(s), 0 left on base; Long Island 2 - Athletic Club KC Academy 0
TOP OF THE 9TH
Long Island Seawolves batting - Pitching for Athletic Club KC Academy : RHP Severiano Duclos
Batting: RHB Jim Unknown 0-0: Ball
1-0: Ball
2-0: Fly out, F8 (Flyball, 8RM)
Batting: RHB António Pérez 0-0: Called Strike
0-1: Foul Ball, location: 2F
0-2: Fly out, F9 (Flyball, 89S)
Batting: SHB Terry Conley 0-0: Called Strike
0-1: Foul Ball, location: 2F
0-2: Fly out, F7 (Flyball, 78D)
Top of the 9th over - 0 run(s), 0 hit(s), 0 error(s), 0 left on base; Long Island 2 - Athletic Club KC Academy 0
BOTTOM OF THE 9TH
Athletic Club KC Academy batting - Pitching for Long Island Seawolves : RHP Ron Madison
Batting: LHB José Durán 0-0: Called Strike
0-1: SINGLE (Groundball, 34D)
Batting: LHB Greg Robinson 0-0: Fly out, F7 (Line Drive, 7M)
Pinch Hitting: LHB Jim Unknown 0-0: Called Strike
0-1: Ball
1-1: Grounds into double play, 4-6-3 (Groundball, 4)
Bottom of the 9th over - 0 run(s), 1 hit(s), 0 error(s), 0 left on base; Long Island 2 - Athletic Club KC Academy 0
This league is powered by Out of the Park Baseball, the baseball management simulation game for PC, Mac and Linux
Friday, January 22nd, 2016 - OOTP Baseball 16.9 Build 39